 Dungeon Crawl Stone Soup version 0.29.1-12-g30fa7ad0bf (webtiles) character file.

Game seed: 1741829718185975074

1781 javelincjr the Chopper (level 8, -1/61 HPs)
             Began as a Demonspawn Gladiator on Jan 9, 2023.
             Was an Initiate of Dithmenos.
             Slain by an eight-headed hydra (6 damage)
             ... on level 6 of the Dungeon.
             The game lasted 00:17:36 (6416 turns).

javelincjr the Chopper (Demonspawn Gladiator)       Turns: 6416, Time: 00:17:36

Health: -1/61      AC: 15    Str: 11 (13) XL:     8   Next: 81%
Magic:  0/8        EV:  9    Int:  5 (7)  God:    Dithmenos [......]
Gold:   1073       SH:  6    Dex: 25      Spells: 7/7 levels left

rFire   . . .      SeeInvis .   a - +1 war axe
rCold   . . .      Faith    .   G - +0 buckler
rNeg    . . .      Spirit   +   B - +0 plate armour
rPois   .          Reflect  .   c - +0 helmet
rElec   .          Harm     .   L - +1 cloak
rCorr   .          Rampage  .   (no gloves)
Will    +....                   (no boots)
Stlth   ..........              y - amulet of guardian spirit
HPRegen 1.00/turn               h - ring of willpower
MPRegen 0.11/turn               A - +4 ring of evasion

@: no status effects
A: claws 1, repulsion field 1, foul stench 2, powered by death 1, agile 2,
regeneration 1
a: Renounce Religion


You were on level 6 of the Dungeon.
You worshipped Dithmenos.
Dithmenos was noncommittal.
You visited 2 branches of the dungeon, and saw 7 of its levels.

You collected 1073 gold pieces.

Inventory:

Hand Weapons
 a - a +1 war axe (weapon)
Missiles
 d - 3 throwing nets (quivered)
 e - a javelin
 j - 5 curare-tipped darts
 s - 4 datura-tipped darts
 t - 16 poisoned darts
Armour
 c - a +0 helmet (worn)
 o - a +2 ring mail of fire resistance
 z - a +0 troll leather armour
 B - a +0 plate armour (worn)
 G - a +0 buckler (worn)
 L - a +1 cloak (worn)
Magical Staves
 b - a staff of cold
Jewellery
 h - a ring of willpower (left claw)
 q - a ring of ice
 u - a ring of flight
 x - a ring of wizardry
 y - an amulet of guardian spirit (around neck)
 A - a +4 ring of evasion (right claw)
 J - an amulet of magic regeneration
 N - a ring of ice
Wands
 k - a wand of flame (19)
 l - a wand of digging (6)
 v - a wand of mindburst (10)
 K - a wand of polymorph (9)
Scrolls
 m - a scroll of teleportation
 w - a scroll of identify
 M - a scroll of amnesia
Potions
 f - 2 potions of mutation
 g - 2 potions of curing
 i - 3 potions of brilliance
 n - 2 potions of haste
 r - a potion of degeneration
 F - 2 potions of attraction


   Skills:
 + Level 4.5 Fighting
 + Level 7.7 Axes
 + Level 1.7 Throwing
 + Level 5.0 Armour
 + Level 3.6 Dodging
 + Level 1.0 Stealth
 + Level 2.4 Shields


You had 7 spell levels left.
You didn't know any spells.
Your spell library contained the following spells:

 Spells                   Type           Power      Damage    Failure   Level
 Freeze                   Ice            0%         1d3       100%        1
 Slow                     Hex            0%         N/A       100%        1
 Static Discharge         Conj/Air       0%         3-3/arc   100%        2
 Confusing Touch          Hex            0%         N/A       100%        3
 Frozen Ramparts          Ice            0%         1d1       100%        3
 Vampiric Draining        Necr           0%         2d6       100%        3
 Hailstorm                Conj/Ice       0%         3d3       100%        4
 Lightning Bolt           Conj/Air       0%         1d11      100%        5
 Maxwell's Capacitive Co  Air            0%         ∞         100%        8


Dungeon Overview and Level Annotations

Branches:
Dungeon (6/15)             Temple (1/1) D:6

Altars:
Ashenzari
Cheibriados
Dithmenos
Fedhas
Gozag
Hepliaklqana
Nemelex Xobeh
Okawaru
Ru
Sif Muna
Uskayaw
Vehumet
Wu Jian
Xom

Annotations:
D:3 3 runed translucent doors, SirLogeyBear's ghost, amateur HOBe; fitz's ghost, weakling DsGl; ghostp's ghost, weakling DEEE


Innate Abilities, Weirdness & Mutations

You have sharp fingernails.
You are surrounded by a mild repulsion field. (EV +2)
You sometimes emit foul miasma when damaged in melee.
You regenerate a little health from kills.
You are very agile. (Dex +8, Str/Int -2)
Your natural rate of healing is unusually fast.


Message History

The seven-headed hydra roars!
The seven-headed hydra bites you!
The seven-headed hydra barely misses you.
The seven-headed hydra bites you! x3
The seven-headed hydra bites you but does no damage. x2
You hack one of the seven-headed hydra's heads off!
The six-headed hydra grows two more!
You hit the eight-headed hydra.
The eight-headed hydra is lightly wounded.
You block the eight-headed hydra's attack.
The eight-headed hydra bites you. The eight-headed hydra bites you!
* * * LOW HITPOINT WARNING * * *
You emit a cloud of foul miasma!
The eight-headed hydra bites you but does no damage. x2
The eight-headed hydra closely misses you.
The eight-headed hydra bites you but does no damage. x2
You feel much better.
The eight-headed hydra is engulfed in dark miasma.
The eight-headed hydra is poisoned.
You block the eight-headed hydra's attack.
The eight-headed hydra misses you.
You block the eight-headed hydra's attack.
The eight-headed hydra bites you but does no damage. x2
The eight-headed hydra bites you.
The eight-headed hydra bites you but does no damage.
You block the eight-headed hydra's attack.
You barely miss the eight-headed hydra.
The eight-headed hydra is lightly wounded.
The eight-headed hydra is engulfed in dark miasma.
The eight-headed hydra bites you but does no damage. x2
The eight-headed hydra bites you.
You block the eight-headed hydra's attack.
The eight-headed hydra barely misses you.
The eight-headed hydra bites you but does no damage.
The eight-headed hydra bites you. The eight-headed hydra bites you!
* * * LOW HITPOINT WARNING * * *
The eight-headed hydra is engulfed in dark miasma.
The eight-headed hydra bites you.
* * * LOW HITPOINT WARNING * * *
The eight-headed hydra bites you!
You die...

#.....
##.###....##### .#
#.##.###.#....
#.#.###..#.###
####..##.# ♣. ...#
#.# # ##.####..##.#
#. #.#.#.###..#.#
#.###D##.##.###.#.#
#...@###.###......#
##...##...##.†.#..#
##..#.....#......#
##.....#...#.####
####.#......#
#...###### #####


You could see an eight-headed hydra (poisoned).

Vanquished Creatures
  A troll (D:6)
  Menkaure (D:5)
  A water moccasin (D:5)
  An orc warrior (D:6)
  A black bear (D:5)
  An ice beast (D:5)
  2 ogres
  A phantom (D:5)
  A kobold brigand (D:6)
  A necrophage (D:6)
  A scorpion (D:4)
  4 killer bees (D:6)
  A jelly (D:5)
  2 hounds (D:5)
  Crazy Yiuf (D:5)
  Ijyb (D:4)
  An iguana (D:2)
  4 orc wizards
  A gnoll (D:1)
  5 adders
  A shadow imp (D:6)
  3 white imps
  An ufetubus (D:6)
  A dart slug (D:2)
  14 orcs
  5 endoplasms
  2 giant cockroaches (D:3)
  7 goblins
  6 hobgoblins
  11 kobolds
  4 quokkas
  4 ball pythons (D:2)
  8 bats
  5 frilled lizards
  4 rats
108 creatures vanquished.

Notes
Turn   | Place    | Note
-------+----------+-------------------------------------------
     0 | D:1      | javelincjr the Demonspawn Gladiator began the quest for the
                  | Orb.
     0 | D:1      | Reached XP level 1. HP: 16/16 MP: 1/1
     6 | D:1      | Noticed an anaconda
     6 | D:1      | Noticed an iguana
     7 | D:1      | Noticed a killer bee
     7 | D:1      | Noticed a wolf
   559 | D:1      | Reached skill level 3 in Axes
   559 | D:1      | Gained mutation: You are surrounded by a mild repulsion
                  | field. (EV +2) [demonic ancestry]
   559 | D:1      | Reached XP level 2. HP: 4/22 MP: 2/2
  1247 | D:2      | Reached XP level 3. HP: 7/27 MP: 3/3
  1720 | D:2      | Gained mutation: You may rarely emit foul miasma when
                  | damaged in melee. [demonic ancestry]
  1720 | D:2      | Reached XP level 4. HP: 25/34 MP: 4/4
  2356 | D:3      | Found a faded altar of an unknown god.
  2703 | D:3      | Reached skill level 1 in Armour
  2704 | D:3      | Found a runed translucent gate.
  2704 | D:3      | Found a runed translucent gate.
  2705 | D:3      | Found a runed translucent gate.
  2716 | D:3      | Reached skill level 4 in Axes
  2719 | D:3      | Gained mutation: You sometimes emit foul miasma when
                  | damaged in melee. [demonic ancestry]
  2719 | D:3      | Reached XP level 5. HP: 14/39 MP: 2/5
  3170 | D:3      | Noticed ghostp's ghost (weakling DEEE)
  3170 | D:3      | Noticed fitz's ghost (weakling DsGl)
  3170 | D:3      | Noticed SirLogeyBear's ghost (amateur HOBe)
  3861 | D:4      | Gained mutation: Your natural rate of healing is unusually
                  | fast. [potion of mutation]
  3861 | D:4      | Gained mutation: You are agile. (Dex +4, Str/Int -1)
                  | [potion of mutation]
  3861 | D:4      | Gained mutation: You are very agile. (Dex +8, Str/Int -2)
                  | [potion of mutation]
  3865 | D:4      | Identified a scroll of acquirement
  3865 | D:4      | Acquired 640 gold pieces
  3962 | D:4      | Noticed Ijyb
  3976 | D:4      | Killed Ijyb
  4372 | D:5      | Entered Level 5 of the Dungeon
  4446 | D:5      | Reached XP level 6. HP: 47/47 MP: 6/6
  4603 | D:5      | Found a runed translucent door.
  4604 | D:5      | Noticed Crazy Yiuf
  4613 | D:5      | Killed Crazy Yiuf
  4689 | D:5      | Noticed Menkaure
  4700 | D:5      | Killed Menkaure
  4701 | D:5      | Reached skill level 5 in Axes
  4839 | D:5      | Gained mutation: You regenerate a little health from kills.
                  | [demonic ancestry]
  4839 | D:5      | Reached XP level 7. HP: 52/52 MP: 7/7
  5080 | D:5      | Found a sacrificial altar of Ru.
  5103 | D:5      | Reached skill level 1 in Shields
  5165 | D:5      | Reached skill level 6 in Axes
  5579 | D:6      | Gained mutation: You have sharp fingernails. [demonic
                  | ancestry]
  5579 | D:6      | Reached XP level 8. HP: 60/60 MP: 8/8
  5688 | D:6      | Found a staircase to the Ecumenical Temple.
  5710 | Temple   | Entered the Ecumenical Temple
  5720 | Temple   | Became a worshipper of Dithmenos the Shadowed
  6032 | D:6      | Reached skill level 1 in Stealth
  6091 | D:6      | Reached skill level 7 in Axes
  6301 | D:6      | Found a hide-covered altar of Uskayaw.
  6373 | D:6      | Noticed a troll
  6379 | D:6      | Killed a troll
  6380 | D:6      | Reached skill level 5 in Armour
  6412 | D:6      | Noticed a seven-headed hydra
  6416 | D:6      | Slain by an eight-headed hydra

Illustrated notes

Levels and vault maps discovered:
D:1:      onia_arrival_zoo_common, layout_loops_ring
D:2:      layout_loops_ring, grunt_ministairs_1, minmay_tromino_v2
D:3:      layout_basic, nicolae_ecumenical_pavilion, gammafunk_ghost_cemetery,
          dk_noncrumbling_4, hex_medium, grunt_ministairs_13,
          hangedman_decor_opposing, nrook_uturn, nicolae_elevator_lobby_asterisk
D:4:      layout_basic, uniq_ijyb
D:5:      layout_loops_corners, nicolae_overflow_hidden_temple,
          uniq_crazy_yiuf_cottage, uniq_menkaure
D:6:      layout_basic, nicolae_uskayaw_dance_studio, temple_fountains,
          minmay_tree_intersection, minivault_14, kb_rosetta
Temple:   nicolae_temple_great_sept

Skill      XL: |  1  2  3  4  5  6  7  8 |
---------------+-------------------------+-----
Dodging        | 3 |  3.6
Axes           | 3 4 5 6 7 |  7.7
Armour         | 1 2 3 4 5 |  5.0
Fighting       | 3 4 |  4.5
Shields        | 1 2 |  2.4
Stealth        | 1 |  1.0
Throwing       | |  1.7

Action                   |  1- 3 |  4- 6 |  7- 9 || total
-------------------------+-------+-------+-------++-------
Melee: War axe           |    57 |   152 |   146 ||   355
       Punch             |       |     4 |       ||     4
  Use: Scroll            |       |     5 |     8 ||    13
       Potion            |       |     1 |     6 ||     7
 Stab: Sleeping          |     2 |       |       ||     2
Armor: Leather armour    |     8 |    23 |       ||    31
       Plate armour      |       |    30 |   115 ||   145
Dodge: Dodged            |    48 |   116 |    73 ||   237
Block: Buckler           |       |    13 |    46 ||    59
